woodfighter, chaotic female giant Ranger ---- ---- ---- |>.-----.(|----..| |%..--.`..--..^^.| --.``...`.`...--^| |.`...--`i`..||^| |..[`%.|@a.---|^| ---..|.|.--- |^| |.`|...| |^| |..--.-- |^-- --`*..| ----..| |..--- |<^^..| ---- ------- woodfighter the Ranger Experience level: 6 Strength: 22 Dexterity: 7 Constitution: 17 Intelligence: 15 Wisdom: 13 Charisma: 7 Health: 0(38) Energy: 24(24) Def: 18 Gold: 1098 Moves: 6274 Dungeon seed [set]: Game ID: woodfighter_1678030297 Your Inventory: Coins $ - 1098 gold pieces Weapons a - an uncursed +2 sling (weapon in hand) I - 45 cursed -1 arrows J - 2 uncursed +0 arrows Armor d - a blessed +0 pair of high boots (being worn) n - an uncursed +0 pair of jumping boots q - an uncursed +2 dented pot s - an uncursed +0 dwarvish cloak y - an uncursed +2 dented pot z - an uncursed +2 dented pot N - an uncursed +2 dented pot (being worn) Q - an uncursed +1 pair of low boots Y - an uncursed +1 large shield (being worn) Comestibles E - an uncursed candy bar K - an uncursed food ration O - an uncursed sprig of wolfsbane W - an uncursed tripe ration Scrolls f - an uncursed scroll of stinking cloud j - an uncursed scroll of teleportation m - an uncursed scroll of light v - a cursed scroll of gold detection w - 2 blessed scrolls of confuse monster L - 3 uncursed scrolls of scare monster T - an uncursed scroll of gold detection X - an uncursed scroll of water Z - an uncursed scroll of create monster Potions g - 2 blessed potions of hallucination h - an uncursed potion of hallucination A - an uncursed potion of acid M - an uncursed potion of gain ability P - a cursed potion of full healing Rings o - a cursed ring of teleportation C - an uncursed ring of warning Wands c - an uncursed wand of slow monster (0:3) F - an uncursed wand of locking (0:5) V - an uncursed wand of locking (0:6) Tools b - an uncursed stethoscope t - an uncursed +0 pick-axe u - an uncursed blindfold Gems e - 28 uncursed flints (in quiver) k - an uncursed worthless piece of black glass Boulders/Statues r - an uncursed boulder Spells and supernatural/magical abilities: Name Level Category Fail Memory W - pray for help -- divine ? -- Your skills at the end: Miscellaneous Skills shield [Basic] wands [Basic] Weapon Skills two-handed sword [Basic] sling [Skilled] Spellcasting Skills Final Attributes: You were piously aligned. You had automatic searching. You had infravision. You were somewhat stealthy. You are dead. Vanquished creatures: a giant beetle an orc-captain an ape a fire ant 4 bugbears a baby crocodile a rock piercer a pony a fog cloud a gnomish wizard 3 straw golems 2 giant ants a dwarf a quasit an iguana 2 rothes a jitterbug 3 giant bats an orc zombie a werejackal a gas spore 2 hobbits 6 acid blobs a large kobold 4 geckos 5 hobgoblins 5 giant rats a cave spider a brown mold 2 yellow molds a green mold a red mold 2 gnome zombies 3 jackals 2 foxes 2 kobolds 11 newts 3 goblins 16 grid bugs a bat 3 lichens 2 kobold zombies 104 creatures vanquished. Voluntary challenges: You did not adorn yourself with jewelry or accessories. You did not cause conflict. You were not invisible. You did not have reflection. You were not displaced. You had been an atheist until turn 4943. You did not donate to any temples.. You never hit with a wielded weapon. You did not use containers. You did not apply a unicorn horn. You did not use plumbed fixtures. You did not drink any magical draughts. You were illiterate. You never genocided any monsters. You never polymorphed an object. You never changed form. You used no wishes. You did not use any artifacts. You never split a pudding. You never wrote Elbereth's name. You never violated your personal moral code. You enabled loading special bones files. Dungeon overview: The Dungeons of Doom: levels 1 to 9 Level 1 a fountain a long staircase Level 2 (vault) a vault Level 3 (vault) a vault, an armor shop Level 4 a fountain stairs to The Gnomish Mines Level 5 Level 6 a throne Level 7 many fountains Level 8 stairs to Sokoban Level 9 The Gnomish Mines: Level 5 stairs to The Dungeons of Doom Sokoban: Level 7 <- You were here a magic chest stairs to The Dungeons of Doom History has recorded: On T:1 you entered the Dungeons of Doom to retrieve the Amulet of Yendor! On T:451 you reached level 2 of The Dungeons of Doom. On T:803 you advanced to experience level 2. On T:959 you reached level 3 of The Dungeons of Doom. On T:1700 you reached level 4 of The Dungeons of Doom. On T:1717 you reached level 5 of The Dungeons of Doom. On T:1739 you advanced to experience level 3. On T:2926 you reached level 1 of The Gnomish Mines. On T:3136 you advanced to experience level 4. On T:4135 you reached level 6 of The Dungeons of Doom. On T:4472 you advanced to experience level 5. On T:4529 you unlocked the orcish race by entering a throne room. On T:4745 you advanced to experience level 6. On T:4881 you reached level 7 of The Dungeons of Doom. On T:4943 you prayed to Mars. On T:5901 you reached level 8 of The Dungeons of Doom. On T:5939 you prayed to Mars. On T:5993 you reached level 9 of The Dungeons of Doom. On T:6103 you reached level 4 of Sokoban. Score breakdown: Gold: 1098 ( 109 points) Experience: 6 levels ( 500 points) Exploration: 9 levels ( 240 points) Discoveries: 20 items ( 1000 points) Variety of kills: 42 monsters ( 2000 points) Major goal: (nothing yet) ( 0 points) Survival: died (score multiplied by 3) Total score: 11547 Latest messages: The quasit misses. (2x) You shoot 3 flints. The 1st flint misses the quasit. The 2nd flint hits the quasit. The 3rd flint hits the quasit! The quasit misses. (4x) The quasit claws you! The quasit bites! The quasit misses. The quasit claws you! The quasit misses. The flint misses the quasit. The quasit misses. (2x) The quasit bites! The quasit misses. (3x) The quasit claws you! The quasit misses. The quasit bites! The flint hits the quasit. The quasit misses. The quasit claws you! The quasit bites! You see a giant ant drop out of your pack! The giant ant just misses! The quasit claws you! The quasit's sting was poisoned! You die... Final status: Goodbye woodfighter the Ranger, poisoned by a quasit... You died in Sokoban on dungeon level 7 with 11547 points, and 1098 pieces of gold, after 6274 moves. You were level 6 with a maximum of 38 hit points when you died.